 Dungeon Crawl Stone Soup version 0.27.0-1-g7a089689b8 (webtiles) character file.

Game seed: 16322263483831434634

14240 SnakkuSnakku7 the Stormcaller (level 11, -2/49 (56) HPs)
             Began as a Deep Elf Brigand on Aug 12, 2021.
             Was an Elder of Vehumet.
             Killed from afar by Nergalle (15 damage)
             ... with a bolt of negative energy
             ... on level 2 of the Lair of Beasts.
             The game lasted 00:29:50 (11036 turns).

SnakkuSnakku7 the Stormcaller (Deep Elf Brigand)   Turns: 11036, Time: 00:29:51

HP:   -2/49 (56)    AC: 13    Str:  7    XL:     11   Next: 86%
MP:   4/27          EV: 11    Int: 19    God:    Vehumet [****..]
Gold: 571           SH:  0    Dex: 17    Spells: 14/30 levels left

rFire    . . .     SeeInvis .   r - +2 dagger (venom)
rCold    . . .     Faith    .   (no shield)
rNeg     + . .     Spirit   .   a - +0 troll leather armour
rPois    +         Reflect  .   F - +0 helmet
rElec    .         Harm     .   B - +2 ratskin cloak {*Rats rPois rN+ Str-1 Int-1 Dex+1}
rCorr    .         Rampage  .   v - +0 pair of gloves
Will     ++...                  (no boots)
Stlth    +++.......             A - amulet of regeneration
HPRegen  2.16/turn              y - ring of willpower
MPRegen  0.20/turn              s - +4 ring of protection

@: heavily drained
A: no striking features
a: Renounce Religion


You were on level 2 of the Lair of Beasts.
You worshipped Vehumet.
Vehumet was greatly pleased with you.
You visited 3 branches of the dungeon, and saw 12 of its levels.

You collected 571 gold pieces.

Inventory:

Hand Weapons
 r - a +2 dagger of venom (weapon)
Missiles
 d - 74 poisoned darts
 e - 10 curare-tipped darts
 H - 2 throwing nets
Armour
 a - a +0 troll leather armour (worn)
 v - a +0 pair of gloves (worn)
 B - the +2 ratskin cloak (worn) {*Rats rPois rN+ Str-1 Int-1 Dex+1}
   (You found it on level 5 of the Dungeon)

   When the wearer is hurt, rats may emerge from it to assist them.
   Str:       It affects your strength (-1).
   Int:       It affects your intelligence (-1).
   Dex:       It affects your dexterity (+1).
   rPois:     It protects you from poison.
   rN:        It protects you from negative energy.
 E - +0 swamp dragon scales
 F - a +0 helmet (worn)
Magical Staves
 m - a staff of fire
Jewellery
 s - a +4 ring of protection (right hand)
 t - a ring of protection from fire
 u - a ring of poison resistance
 y - a ring of willpower (left hand)
 A - an amulet of regeneration (around neck)
 N - a ring of protection from fire
Wands
 l - a wand of polymorph (4)
 p - a wand of iceblast (17)
 w - a wand of acid (2)
 D - a wand of flame (16)
 I - a wand of paralysis (10)
 L - a wand of digging (3)
Scrolls
 b - a scroll of identify
 n - 2 scrolls of amnesia
 o - 2 scrolls of teleportation
 x - a scroll of immolation {unknown}
 C - 2 scrolls of enchant weapon
 K - a scroll of blinking {unknown}
 M - a scroll of summoning {unknown}
Potions
 c - 3 potions of attraction
 f - 3 potions of curing
 g - 6 potions of resistance {unknown}
 h - a potion of mutation
 i - a potion of invisibility
 j - 2 potions of ambrosia
 k - a potion of cancellation
 q - 2 potions of flight
 z - 2 potions of brilliance {unknown}
 G - 4 potions of haste {unknown}
 J - a potion of might


   Skills:
 - Level 1.5 Fighting
 - Level 2.0 Short Blades
 - Level 2.0 Throwing
 - Level 1.2 Dodging
 - Level 4.8 Stealth
 + Level 10.2 Spellcasting
 - Level 3.2 Conjurations
 - Level 8.0 Fire Magic
 - Level 15.0 Air Magic


You had 14 spell levels left.
You knew the following spells:

 Your Spells              Type           Power      Damage    Failure   Level
a - Sticky Flame          Conj/Fire      31%        2d5       3%          4
b - Airstrike             Air            30%        N/A       1%          4
c - Static Discharge      Conj/Air       44%        N/A       1%          2
d - Shock                 Conj/Air       100%       1d9       1%          1
e - Irradiate             Conj/Tmut      7%         3d16      36%         5

Your spell library contained the following spells:

 Spells                   Type           Power      Damage    Failure   Level
 Corpse Rot               Necr/Air       N/A        N/A       1%          2
 Swiftness                Air            61%        N/A       1%          3
 Dazzling Flash           Conj/Hex       30%        N/A       4%          3
 Animate Skeleton         Necr           18%        N/A       11%         1
 Apportation              Tloc           18%        N/A       11%         1
 Corona                   Hex            10%        N/A       11%         1
 Pain                     Necr           36%        1d5       11%         1
 Summon Small Mammal      Summ           36%        N/A       11%         1
 Iskenderun's Mystic Bla  Conj/Tloc      15%        2d5       16%         4
 Sublimation of Blood     Necr           4%         N/A       17%         2
 Wereblood                Tmut           9%         N/A       17%         2
 Call Canine Familiar     Summ           9%         N/A       32%         3
 Portal Projectile        Hex/Tloc       18%        N/A       32%         3
 Tukima's Dance           Hex            9%         N/A       32%         3
 Vampiric Draining        Necr           4%         2d6       32%         3
 Starburst                Conj/Fire      15%        8x6d6     38%         6
 Yara's Violent Unravell  Hex/Tmut       4%         3d4       58%         5
 Cause Fear               Hex            4%         N/A       73%         4
 Dispel Undead            Necr           9%         3d8       73%         4
 Leda's Liquefaction      Hex/Erth       4%         N/A       73%         4
 Passage of Golubria      Tloc           N/A        N/A       73%         4
 Death Channel            Necr           4%         N/A       100%        6
 Dragon Form              Tmut           4%         N/A       100%        7
 Summon Hydra             Summ           4%         N/A       100%        7
 Dragon's Call            Summ           4%         N/A       100%        9


Dungeon Overview and Level Annotations

Branches:
Dungeon (9/15)             Temple (1/1) D:5            Lair (2/6) D:9
  Swamp: Lair:2-4    Shoals: Lair:2-4     Snake: Lair:2-4    Spider: Lair:2-4
    Orc: D:9-12

Altars:
Ashenzari
Cheibriados
Dithmenos
Elyvilon
Fedhas
Hepliaklqana
Kikubaaqudgha
Makhleb
Nemelex Xobeh
Okawaru
Qazlal
Ru
Sif Muna
Uskayaw
Vehumet
Wu Jian
Xom
Yredelemnul
Zin
The Shining One

Shops:
D:6 (

Annotations:
Lair:1 2 transporters, Smaepdii's ghost, journeyman SpEn
Lair:2 Nergalle


Message History

The bolt of negative energy hits the spectral orc knight.
The spectral orc knight completely resists.
You barely miss Nergalle.
Nergalle is almost dead.
The spectral orc warrior misses you.
The spectral orc warrior hits your hell rat with a +0 battleaxe.
The spectral orc warlord barely misses you.
The spectral orc knight hits you from afar with a +2 bardiche.
You partially resist.
You feel drained.
The spectral orc warrior hits you but does no damage.
The spectral orc knight hits you with a +0 great sword.
Nergalle mutters something.
Nergalle hits you with a +0 dagger.
Your hell rat barely misses the spectral orc warrior.
Unknown command.
You closely miss Nergalle.
Nergalle is almost dead.
The spectral orc warrior completely misses you.
The spectral orc warrior hits your hell rat but does no damage.
The spectral orc warlord hits you but does no damage.
The spectral orc knight hits you from afar with a +2 bardiche!
The spectral orc warrior hits you but does no damage.
The spectral orc knight hits you with a +0 great sword.
Nergalle barely misses you.
Your hell rat bites the spectral orc warrior!
Unknown command.
You hit Nergalle but do no damage.
Nergalle looks as sick as possible!
Nergalle is almost dead.
The spectral orc warrior closely misses you.
The spectral orc warrior closely misses your hell rat.
The spectral orc warlord hits you with a +0 great mace!
You partially resist.
You feel drained.
The spectral orc knight hits you from afar with a +2 bardiche.
* * * LOW HITPOINT WARNING * * *
The spectral orc warrior hits you but does no damage.
The spectral orc knight hits you but does no damage.
Your hell rat bites the spectral orc warrior.
Nergalle points at you and mumbles some strange words.
The bolt of negative energy hits you! You partially resist.
You feel drained.
You die...

#.......... #..#
##.........†
P..######...........
#?.?.. .........(...
#...o .............
#...# ##..........
##.Z.# #...........
#.ro## ###...........
#.Z@###P#....†......
#(ZZZ.......†.......
#.Z.................
#...###.##..........
#...##.##P..........
#...#######..........
#.#..# #..........
#.#..# P.......... #
...# ##..........


You could see Nergalle (extremely poisoned), 2 spectral orc warriors, 3 spectral
orc knights, a spectral orc warlord (summoned) and a friendly hell rat.

Vanquished Creatures
  3 hydras (Lair:1)
  A deep elf pyromancer (D:9)
  A wolf spider (Lair:1)
  Maurice (D:9)
  3 cane toads (Lair:1)
  Maggie (D:7)
  A rime drake (Lair:2)
  A komodo dragon (Lair:2)
  A troll (D:9)
  2 polar bears (Lair:1)
  Sigmund (D:2)
  A wyvern (D:9)
  15 yaks
  A wraith (D:9)
  A basilisk (Lair:2)
  A steam dragon (D:7)
  4 water moccasins
  2 acid dragons (D:9)
  A sky beast (D:7)
  2 ice beasts
  A necrophage (D:5)
  3 wolves (D:9)
  7 ogres
  3 phantoms
  2 centaurs
  4 kobold brigands
  6 bullfrogs
  A gnoll sergeant (D:8)
  4 scorpions
  5 killer bees (D:8)
  3 electric eels (D:9)
  2 howler monkeys (D:9)
  2 bullfrog zombies
  2 bullfrog skeletons
  4 hounds (D:9)
  4 orc priests
  6 jellies
  Crazy Yiuf (D:5)
  3 gnoll shamans
  3 iguanas
  Natasha (thrice) (D:2)
  2 orc wizards
  8 hell rats (D:5)
  A howler monkey zombie (D:5)
  15 gnolls
  23 river rats (D:5)
  20 adders
  A shadow imp (D:5)
  2 ufetubi (D:7)
  A worm (D:2)
  A dart slug (D:3)
  14 orcs
  5 ball pythons
  3 bats
  17 endoplasms
  A giant cockroach (D:1)
  6 goblins
  7 hobgoblins
  8 jackals
  34 kobolds
  2 quokkas
  3 rats
287 creatures vanquished.

Vanquished Creatures (collateral kills)
  A komodo dragon (Lair:1)
  5 yaks
  A hound (D:9)
  An orc wizard (D:6)
  A howler monkey zombie (D:9)
  An adder (D:6)
10 creatures vanquished.

Vanquished Creatures (others)
  23 fungi
  51 plants (Lair:1)
  7 toadstools (D:2)
81 creatures vanquished.

Grand Total: 378 creatures vanquished

Notes
Turn   | Place    | Note
-------+----------+-------------------------------------------
     0 | D:1      | SnakkuSnakku7 the Deep Elf Brigand began the quest for the
                  | Orb.
     0 | D:1      | Reached XP level 1. HP: 12/12 MP: 3/3
    95 | D:1      | Found a faded altar of an unknown god.
   144 | D:1      | Reached skill level 1 in Air Magic
   321 | D:1      | Reached XP level 2. HP: 16/16 MP: 4/4
   922 | D:2      | Reached skill level 2 in Air Magic
  1013 | D:2      | Noticed Natasha
  1028 | D:2      | Noticed Sigmund
  1052 | D:2      | Killed Sigmund
  1053 | D:2      | Reached skill level 3 in Air Magic
  1053 | D:2      | Reached XP level 3. HP: 2/20 MP: 4/9
  1053 | D:2      | Reached XP level 4. HP: 3/25 MP: 4/10
  1053 | D:2      | Reached XP level 5. HP: 4/29 MP: 4/11
  1114 | D:2      | Learned a level 1 spell: Shock
  1119 | D:2      | Learned a level 4 spell: Airstrike
  1361 | D:2      | Killed Natasha
  1378 | D:2      | Noticed Natasha
  1392 | D:2      | Killed Natasha
  1404 | D:2      | Noticed Natasha
  1431 | D:2      | Killed Natasha
  1599 | D:2      | Reached XP level 6. HP: 19/34 MP: 8/14
  2255 | D:2      | Reached skill level 4 in Air Magic
  2311 | D:2      | Reached skill level 5 in Spellcasting
  2896 | D:3      | HP: 1/34 [adder (4)]
  3544 | D:4      | Reached XP level 7. HP: 13/38 MP: 11/18
  3549 | D:4      | Reached skill level 5 in Air Magic
  3574 | D:4      | Found a burning altar of Makhleb.
  4026 | D:4      | Reached skill level 6 in Air Magic
  4434 | D:4      | Reached skill level 7 in Air Magic
  4501 | D:5      | Entered Level 5 of the Dungeon
  4815 | D:5      | Reached XP level 8. HP: 43/43 MP: 16/19
  4884 | D:5      | Found a staircase to the Ecumenical Temple.
  4894 | Temple   | Entered the Ecumenical Temple
  4911 | Temple   | Became a worshipper of Vehumet
  4967 | D:5      | Reached skill level 8 in Air Magic
  5305 | D:5      | Reached * piety under Vehumet
  5305 | D:5      | Offered knowledge of Freeze by Vehumet.
  5326 | D:5      | Reached skill level 9 in Air Magic
  5381 | D:5      | Found the +2 ratskin cloak {*Rats rPois rN+ Str-1 Int-1
                  | Dex+1}
  5655 | D:5      | Reached skill level 10 in Air Magic
  5757 | D:5      | Reached XP level 9. HP: 44/47 MP: 8/20
  5823 | D:5      | Reached ** piety under Vehumet
  5829 | D:5      | Offered knowledge of Static Discharge by Vehumet.
  5835 | D:5      | Learned a level 2 spell: Static Discharge
  5949 | D:5      | Found a runed translucent door.
  5950 | D:5      | Noticed Crazy Yiuf
  5955 | D:5      | Killed Crazy Yiuf
  6213 | D:6      | Reached skill level 11 in Air Magic
  6696 | D:6      | Found Tapra's Weapon Shop.
  6927 | D:7      | Noticed Maggie
  6953 | D:7      | Killed Maggie
  6954 | D:7      | Reached skill level 12 in Air Magic
  7670 | D:8      | Reached XP level 10. HP: 42/52 MP: 12/21
  7672 | D:8      | Offered knowledge of Searing Ray by Vehumet.
  7864 | D:8      | Reached skill level 13 in Air Magic
  7906 | D:8      | Found an ancient bone altar of Kikubaaqudgha.
  8032 | D:8      | Reached *** piety under Vehumet
  8507 | D:9      | Offered knowledge of Sticky Flame by Vehumet.
  8724 | D:9      | Reached skill level 14 in Air Magic
  8934 | D:9      | Found a glowing silver altar of Zin.
  8940 | D:9      | Noticed Maurice
  8952 | D:9      | Killed Maurice
  9065 | D:9      | Learned a level 4 spell: Sticky Flame
  9133 | D:9      | Found a staircase to the Lair.
  9310 | D:9      | Found an ornate altar of the Wu Jian Council.
  9370 | D:9      | Reached skill level 15 in Air Magic
  9481 | D:9      | Noticed a deep elf pyromancer
  9514 | D:9      | Killed a deep elf pyromancer
  9515 | D:9      | Reached XP level 11. HP: 56/56 MP: 7/22
  9571 | Lair:1   | Entered Level 1 of the Lair of Beasts
  9575 | Lair:1   | Noticed a five-headed hydra
  9586 | Lair:1   | Reached **** piety under Vehumet
  9873 | Lair:1   | Reached skill level 5 in Fire Magic
 10001 | Lair:1   | Killed a five-headed hydra
 10017 | Lair:1   | Offered knowledge of Irradiate by Vehumet.
 10198 | Lair:1   | Learned a level 5 spell: Irradiate
 10253 | Lair:1   | Noticed a seven-headed hydra
 10415 | Lair:1   | Killed a seven-headed hydra
 10488 | Lair:1   | Noticed a wolf spider
 10498 | Lair:1   | Noticed Smaepdii's ghost (journeyman SpEn)
 10764 | Lair:1   | Noticed a wolf spider
 10765 | Lair:1   | Noticed a four-headed hydra
 10769 | Lair:1   | Killed a wolf spider
 10801 | Lair:1   | Killed a four-headed hydra
 10844 | Lair:1   | Found a transporter.
 10846 | Lair:1   | Found a transporter.
 10998 | Lair:2   | Reached skill level 10 in Spellcasting
 11022 | Lair:2   | Noticed Nergalle
 11031 | Lair:2   | Noticed a spectral orc warlord
 11036 | Lair:2   | Killed from afar by Nergalle

Illustrated notes

Levels and vault maps discovered:
D:1:      evilmike_arrival_hilbert_curve, layout_rooms,
          shapermc_ecumenical_altar_mp_urbaneastern, serial_bayou_pond_d,
          bh_walls_and_bars
D:2:      cheibrodos_fertilizer, layout_basic, uniq_natasha, uniq_sigmund
D:3:      layout_loops_cross, chequers_serial_rivers_micro_a
D:4:      cheibrodos_thug_alley, layout_rooms, mainiacjoe_overflow_brackets
D:5:      wander_guarded_unrand_ratskin, layout_rooms, kennysheep_mini_moat,
          minmay_temple_entry_statues_pillars, minmay_circle_x,
          uniq_crazy_yiuf_cottage
D:6:      layout_loops_ring, serial_shops, shop
D:7:      layout_loops_ring, uniq_maggie
D:8:      layout_cave_pools, kennysheep_little_box
D:9:      layout_irregular_city, zin_academy, pdpol_wu_jian_five_deadly_venoms,
          erik_lair_island, guppyfry_early_elven_hall, uniq_maurice
Temple:   lightli_temple_of_artemis
Lair:1:   minmay_lair_venomous_thicket, layout_regular_city,
          gammafunk_ghost_hive
Lair:2:   layout_small_grid, grunt_megastairs_3, infiniplex_staircase_pool,
          minmay_lair_oklob_chamber, lemuel_fruit_tree, uniq_nergalle

Skill      XL: |  1  2  3  4  5  6  7  8  9 10 11 |
---------------+----------------------------------+-----
Air Magic      | 1 3 4 7 10 12 15 | 15.0
Spellcasting   | 3 4 6 10 | 10.2
Conjurations   | 2 3 |  3.2
Fire Magic     | 2 8 |  8.0
Fighting       | |  1.5
Short Blades   | |  2.0
Throwing       | |  2.0
Dodging        | |  1.2
Stealth        | |  4.8

Action                   |  1- 3 |  4- 6 |  7- 9 | 10-12 || total
-------------------------+-------+-------+-------+-------++-------
Melee: Dagger            |    31 |    97 |   246 |   290 ||   664
       Staff             |       |       |       |     4 ||     4
Throw: Dart              |     7 |     9 |     2 |       ||    18
 Cast: Shock             |       |   102 |   124 |     2 ||   228
       Airstrike         |       |       |    42 |   117 ||   159
       Sticky Flame      |       |       |       |    12 ||    12
Evoke: Wand              |       |       |       |     2 ||     2
  Use: Potion            |       |     1 |       |       ||     1
       Scroll            |       |       |       |    15 ||    15
 Stab: Sleeping          |     3 |     4 |     2 |       ||     9
       Distracted        |       |       |     1 |       ||     1
Armor: Robe              |     3 |    21 |    48 |       ||    72
       Swamp dragon scal |       |       |    47 |   130 ||   177
       Troll leather arm |       |       |       |    52 ||    52
Dodge: Dodged            |    17 |    79 |   164 |   155 ||   415
